 Dungeon Crawl Stone Soup version 0.29.0-11-gd7f09526c8 (webtiles) character file.

Game seed: 8724155382577158915

14027 ketsa the Severer (level 11, -1/156 HPs)
             Began as a Minotaur Berserker on Sept 4, 2022.
             Was an Elder of Trog.
             Slain by a minotaur
             ... wielding a +1 vorpal broad axe
              (7 damage)
             ... in a Gauntlet.
             The game lasted 00:38:46 (15243 turns).

ketsa the Severer (Minotaur Berserker)             Turns: 15243, Time: 00:38:47

Health: -1/156     AC: 15    Str: 26    XL:     11   Next: 83%
Magic:  0/10       EV: 11    Int:  4    God:    Trog [****..]
Gold:   815        SH:  0    Dex: 14    Spells: 10/10 levels left

rFire   + . .      SeeInvis .   F - +1 battleaxe (venom)
rCold   . . .      Faith    .   (shield currently unavailable)
rNeg    + . .      Spirit   +   B - +0 swamp dragon scales
rPois   +          Reflect  .   (helmet restricted)
rElec   .          Harm     .   N - +0 cloak of the Blessed Realm {Contam rN+ Will+ Dex+4}
rCorr   .          Rampage  .   T - +0 pair of gloves
Will    +....      NoTele   +   J - +0 pair of boots
Stlth   ..........              n - amulet of guardian spirit
HPRegen 0.36/turn               v - ring of protection from fire
MPRegen 0.12/turn               A - +4 ring of slaying

@: berserking, very quick
A: horns 2, retaliatory headbutt
a: Renounce Religion, Berserk, Trog's Hand, Brothers in Arms


You were in a Gauntlet.
You worshipped Trog.
Trog was greatly pleased with you.
You visited 1 branch of the dungeon, and saw 11 of its levels.
You also visited: Gauntlet.

You collected 885 gold pieces.
You spent 70 gold pieces at shops.

Inventory:

Hand Weapons
 e - a +0 sling
 u - a +0 whip of venom
 z - a +0 vampiric hand axe
 F - a +1 battleaxe of venom (weapon)
Missiles
 E - 12 poisoned darts
 G - 11 boomerangs
 H - 2 curare-tipped darts
Armour
 a - the +3 hat of Pondering {ponderous, Will+ MP+10 Int+5}
   (You found it in a Gauntlet)

   Int:       It affects your intelligence (+5).
   MP:        It affects your magic capacity (+10).
   Will:      It increases your willpower.
 x - an orb of light
 B - +0 swamp dragon scales (worn)
 J - a +0 pair of boots (worn)
 N - the +0 cloak of the Blessed Realm (worn) {Contam rN+ Will+ Dex+4}
   (You found it on level 8 of the Dungeon)

   Dex:       It affects your dexterity (+4).
   rN:        It protects you from negative energy.
   Contam:    It causes magical contamination when unequipped.
   Will:      It increases your willpower.
 Q - +0 acid dragon scales
 T - a +0 pair of gloves (worn)
 U - a +0 kite shield
Jewellery
 n - an amulet of guardian spirit (around neck)
 v - a ring of protection from fire (left hand)
 A - a +4 ring of slaying (right hand)
 C - an amulet of magic regeneration
Wands
 j - a wand of roots (15) (quivered)
 R - a wand of mindburst (2)
Scrolls
 b - a scroll of brand weapon
 c - a scroll of fog
 d - 3 scrolls of immolation
 g - 2 scrolls of magic mapping
 h - a scroll of fear
 k - 2 scrolls of enchant weapon
 l - a scroll of summoning {unknown}
 p - 8 scrolls of teleportation
 y - a scroll of amnesia {unknown}
 D - a scroll of poison {unknown}
 M - a scroll of vulnerability {unknown}
 O - a scroll of silence {unknown}
 P - 2 scrolls of blinking
 S - a scroll of enchant armour {unknown}
Potions
 f - 7 potions of curing
 i - a potion of invisibility
 m - a potion of cancellation {unknown}
 o - a potion of ambrosia {unknown}
 q - 2 potions of lignification
 r - a potion of resistance
 s - 5 potions of mutation
 I - 2 potions of haste
 K - 2 potions of heal wounds


   Skills:
 + Level 11.9 Fighting
 * Level 16.5 Axes
 + Level 11.7 Armour
 - Level 2.1 Dodging


You had 10 spell levels left.
You didn't know any spells.
Your spell library contained the following spells:

 Spells                   Type           Power      Damage    Failure   Level
 Foxfire                  Conj/Fire      0%         2x1d4     61%         1
 Shock                    Conj/Air       0%         1d3       61%         1
 Slow                     Hex            0%         N/A       61%         1
 Confusing Touch          Hex            0%         N/A       93%         3
 Conjure Flame            Conj/Fire      0%         6-21      93%         3
 Inner Flame              Hex/Fire       0%         N/A       93%         3
 Ozocubu's Armour         Ice            0%         N/A       93%         3
 Swiftness                Air            0%         N/A       93%         3
 Vampiric Draining        Necr           0%         2d6       93%         3
 Airstrike                Air            0%         2d(0-16)  100%        4
 Flame Wave               Conj/Fire      0%         2d4       100%        4
 Summon Lightning Spire   Summ/Air       0%         N/A       100%        4
 Metabolic Englaciation   Hex/Ice        0%         N/A       100%        5
 Simulacrum               Ice/Necr       0%         N/A       100%        6
 Storm Form               Tmut/Air       0%         N/A       100%        7
 Maxwell's Capacitive Co  Air            0%         ∞         100%        8


Dungeon Overview and Level Annotations

Branches:
Dungeon (11/15)            Temple (0/1) D:4            Lair (0/5) D:10
    Orc (0/2) D:10        Gauntlet (1/1)

Altars:
Ashenzari
Cheibriados
Elyvilon
Hepliaklqana
Kikubaaqudgha
Makhleb
Okawaru
Qazlal
Sif Muna
Vehumet
Xom
Yredelemnul

Shops:
D:2 (   D:4 [   D:5 ?:   D:6 =   D:8 [   D:10 =

Annotations:
D:2 1 runed translucent door, Crazy Yiuf
D:4 1 exclusion, Pikel
D:9 exclusion: statue Gauntlet 10 transporters, exclusion: ice statue


Innate Abilities, Weirdness & Mutations

You have a pair of horns on your head.
You reflexively headbutt those who attack you in melee.


Message History

You start resting.
The white imp disappears for a moment.
HP restored.
There is a transporter here.
You enter the transporter and appear at another place.
You open the door.
A minotaur comes into view.
It is wielding a +1 arbalest of flaming and wearing the amulet of Kuhojom {rElec Regen+ Int+2 Slay+3 Stlth+}.
The minotaur bellows!
The minotaur shoots a bolt.
The bolt closely misses you.
Found a shimmering bone ring.
Found a gate leading back out of this place.
The minotaur shoots a bolt.
The bolt completely misses you.
The minotaur unwields a +1 arbalest of flaming.
It stops flaming.
The minotaur wields a +1 vorpal broad axe.
The minotaur hits you with a +1 vorpal broad axe.
The minotaur gores you but does no damage.
You barely miss the minotaur.
You headbutt the minotaur, but do no damage.
You hit the minotaur.
The minotaur is poisoned.
The minotaur is lightly wounded.
The minotaur hits you with a +1 vorpal broad axe!!
The minotaur closely misses you.
A red film seems to cover your vision as you go berserk!
You feel yourself moving faster!
You feel mighty!
The minotaur hits you with a +1 vorpal broad axe!
The minotaur gores you but does no damage.
You slash the minotaur!
The minotaur looks as sick as possible!
Your headbutt misses the minotaur.
The minotaur is lightly wounded.
The minotaur hits you with a +1 vorpal broad axe!!
The minotaur barely misses you.
You barely miss the minotaur. You headbutt the minotaur!
The minotaur is moderately wounded.
You barely miss the minotaur.
The minotaur is moderately wounded.
The minotaur hits you with a +1 vorpal broad axe!!!
* * * LOW HITPOINT WARNING * * *
x2 The minotaur gores you!
You die...

.##.##..#####
#..^##..#≈8≈#
.#####..#...# ###
#....####.8.# ..#
###.##©.....##.#.#
.##..####.8....#.#
©)[^^#..#...##.#.# #
######..#.8.##...# ⌠.#
.......§#...##.#@##∩...#
.......∩#.8....#.H....⌠+
.......≈#...##.#.##.⌠..#
######..#.8.##...# +###
45[..#..#...##.#.#
...#.####.8....#.#
.#.#.#©.....##.#.#
##...####.8.##...#
©.5#.#..#§..######


You could see a minotaur (extremely poisoned).

Vanquished Creatures
  A centaur warrior (D:11)
  A two-headed ogre (D:10)
  A tengu warrior (Gauntlet)
  4 deep elf pyromancers
  An oklob plant (D:10)
  An ugly thing (D:10)
  A gargoyle (D:10)
  A rime drake (D:10)
  Maggie (D:6)
  A kobold demonologist (D:11)
  An efreet (D:10)
  2 tengu conjurers
  2 trolls
  2 raiju (Gauntlet)
  Prince Ribbit (D:6)
  3 hornets
  2 wraiths
  2 shadows (D:9)
  3 wyverns
  3 yaks (D:8)
  3 small abominations (Gauntlet)
  2 fire elementals (D:10)
  4 steam dragons
  2 acid dragons
  3 orc warriors
  3 black bears
  An ice beast (D:6)
  A sky beast (D:8)
  5 ogres
  5 centaurs
  A phantom (D:6)
  A lemure (D:3)
  3 kobold brigands
  A necrophage (D:8)
  2 bullfrogs
  A gnoll sergeant (D:10)
  2 scorpions
  8 wights (D:7)
  3 killer bees (D:9)
  2 howler monkeys
  4 jellies
  5 hounds
  2 orc priests
  Terence (D:2)
  An iguana (D:7)
  4 orc wizards
  2 lightning spires (Gauntlet)
  A hound skeleton (D:8)
  7 gnolls
  9 adders
  2 ufetubi (D:4)
  A worm (D:4)
  5 dart slugs
  32 orcs
  3 bats
  7 endoplasms
  A giant cockroach (D:2)
  11 goblins
  7 hobgoblins
  5 jackals
  6 quokkas
  4 ball pythons
  8 frilled lizards
  18 kobolds
  7 rats
240 creatures vanquished.

Vanquished Creatures (others)
  A human (D:3)
  4 fungi
  26 plants
31 creatures vanquished.

Grand Total: 271 creatures vanquished

Notes
Turn   | Place    | Note
-------+----------+-------------------------------------------
     0 | D:1      | ketsa the Minotaur Berserker began the quest for the Orb.
     0 | D:1      | Reached XP level 1. HP: 19/19 MP: 0/0
     0 | D:1      | Noticed an iron dragon
     0 | D:1      | Noticed an iron dragon
     1 | D:1      | Noticed an orb of fire
     4 | D:1      | Noticed a shadow dragon
     6 | D:1      | Noticed an iron dragon
     7 | D:1      | Noticed an orb of fire
     8 | D:1      | Noticed an ice dragon
     9 | D:1      | Noticed an orb of fire
    11 | D:1      | Noticed a tentacled monstrosity
    11 | D:1      | Noticed an ice dragon
    15 | D:1      | Noticed an ice dragon
    15 | D:1      | Noticed a shadow dragon
    17 | D:1      | Noticed a large abomination
    19 | D:1      | Noticed a shadow dragon
   167 | D:1      | Reached skill level 4 in Axes
   604 | D:1      | Reached XP level 2. HP: 19/26 MP: 1/1
  1054 | D:1      | Found a faded altar of an unknown god.
  1056 | D:1      | Reached skill level 5 in Axes
  1475 | D:1      | Reached XP level 3. HP: 30/31 MP: 2/2
  1612 | D:2      | Reached ** piety under Trog
  1968 | D:2      | Found a runed translucent door.
  1969 | D:2      | Noticed Crazy Yiuf
  2040 | D:2      | Found Fuhor's Antique Weapon Shoppe.
  2084 | D:2      | Reached XP level 4. HP: 39/40 MP: 3/3
  2563 | D:2      | Noticed Terence
  2574 | D:2      | Killed Terence
  2580 | D:2      | Reached skill level 6 in Axes
  3118 | D:2      | Reached XP level 5. HP: 46/46 MP: 4/4
  3346 | D:3      | Found an ancient bone altar of Kikubaaqudgha.
  3352 | D:3      | Noticed a human
  3353 | D:3      | Killed a human
  3696 | D:3      | Found a basalt altar of Yredelemnul.
  4418 | D:4      | Found a shimmering blue altar of Sif Muna.
  4505 | D:4      | Found a staircase to the Ecumenical Temple.
  4508 | D:4      | Noticed a lemure
  4508 | D:4      | Noticed a lemure
  4509 | D:4      | Noticed Pikel
  4511 | D:4      | Noticed a lemure
  4512 | D:4      | Noticed a lemure
  4540 | D:3      | Killed a lemure
  4770 | D:4      | Found Dysenuiz's Antique Armour Shop.
  5054 | D:4      | Reached XP level 6. HP: 53/53 MP: 5/5
  5272 | D:4      | You fall into a shaft and drop 1 floor!
  5272 | D:5      | Entered Level 5 of the Dungeon
  5272 | D:5      | Found Luwep's Magic Scroll Emporium.
  5286 | D:5      | Bought a scroll of teleportation for 42 gold pieces
  5286 | D:5      | Bought a scroll of identify for 28 gold pieces
  5291 | D:5      | Found Kaefysi's Book Shop.
  5534 | D:4      | Found an iron altar of Okawaru.
  5552 | D:4      | Reached skill level 7 in Axes
  5599 | D:4      | Reached skill level 5 in Fighting
  6112 | D:5      | Noticed a wyvern
  6127 | D:5      | Reached XP level 7. HP: 61/61 MP: 6/6
  6135 | D:5      | Reached skill level 8 in Axes
  6135 | D:5      | Reached skill level 5 in Armour
  6140 | D:5      | Killed a wyvern
  6385 | D:5      | Found a white marble altar of Elyvilon.
  6442 | D:5      | Reached skill level 9 in Axes
  6683 | D:5      | Reached XP level 8. HP: 71/71 MP: 7/7
  6693 | D:5      | Reached *** piety under Trog
  7076 | D:6      | Noticed Maggie
  7083 | D:6      | Killed Maggie
  7159 | D:6      | Reached skill level 10 in Axes
  7173 | D:6      | Found a snail-covered altar of Cheibriados.
  7239 | D:6      | Noticed Prince Ribbit
  7248 | D:6      | Killed Prince Ribbit
  7343 | D:6      | Reached XP level 9. HP: 67/80 MP: 8/8
  7421 | D:6      | Reached skill level 11 in Axes
  7461 | D:6      | Found Odonwi's One-of-a-Kind Rings.
  7663 | D:6      | Found a shimmering altar of Xom.
  8603 | D:7      | Found a flagged portal.
  8619 | D:7      | Reached skill level 12 in Axes
  9346 | D:8      | Reached **** piety under Trog
  9632 | D:8      | Identified the +8 rapier "Xupuz" {vorpal, Dex+3 Stlth+}
  9729 | D:8      | Found Duilaigi's Armour Shoppe.
  9800 | D:8      | Identified the +0 cloak of the Blessed Realm {Contam rN+
                  | Will+ Dex+4}
 10010 | D:8      | Found a burning altar of Makhleb.
 10132 | D:8      | Reached XP level 10. HP: 81/91 MP: 9/9
 10450 | D:9      | Reached skill level 13 in Axes
 10929 | D:9      | Found a radiant altar of Vehumet.
 11399 | D:9      | Noticed a deep elf pyromancer
 11399 | D:9      | Noticed a deep elf pyromancer
 11486 | D:9      | Killed a deep elf pyromancer
 11487 | D:9      | Reached skill level 10 in Fighting
 11540 | D:9      | Noticed a deep elf pyromancer
 11555 | D:9      | Reached skill level 14 in Axes
 11556 | D:9      | Killed a deep elf pyromancer
 11879 | D:9      | Killed a deep elf pyromancer
 11880 | D:9      | Reached skill level 10 in Armour
 12054 | D:10     | Entered Level 10 of the Dungeon
 12054 | D:10     | Noticed a two-headed ogre
 12084 | D:10     | Noticed a white ugly thing
 12084 | D:10     | Noticed a gargoyle
 12089 | D:10     | Killed a white ugly thing
 12093 | D:10     | Reached XP level 11. HP: 71/101 MP: 10/10
 12271 | D:10     | Noticed a deep elf pyromancer
 12275 | D:10     | Killed a deep elf pyromancer
 12276 | D:10     | Reached skill level 15 in Axes
 12554 | D:10     | Killed a two-headed ogre
 12901 | D:10     | Found a staircase to the Lair.
 12901 | D:10     | Noticed an oklob plant
 13302 | D:10     | Killed an oklob plant
 13501 | D:10     | Found a stormy altar of Qazlal.
 13519 | D:10     | Found Ceg Ziuff's Jewellery Shop.
 13561 | D:10     | Found a staircase to the Orcish Mines.
 14057 | D:10     | Found a hazy altar of Hepliaklqana.
 14057 | D:10     | Found a broken altar of Ashenzari.
 14249 | D:11     | Noticed a centaur warrior
 14254 | D:11     | Killed a centaur warrior
 14314 | D:11     | Reached skill level 16 in Axes
 14466 | D:11     | Identified a scroll of acquirement
 14467 | D:11     | Acquired 401 gold pieces
 14516 | D:11     | Found a gate leading to a gauntlet.
 14532 | Gauntlet | Entered a Gauntlet
 14532 | Gauntlet | Found a transporter.
 14532 | Gauntlet | Found a transporter.
 14536 | Gauntlet | Found a transporter.
 14536 | Gauntlet | Found a transporter.
 14546 | Gauntlet | Found a transporter.
 14565 | Gauntlet | Noticed a tengu warrior
 14566 | Gauntlet | Found a transporter.
 14576 | Gauntlet | Found a transporter.
 14576 | Gauntlet | Found a transporter.
 14576 | Gauntlet | Noticed a blizzard demon
 14605 | Gauntlet | Found a transporter.
 14630 | Gauntlet | Found a transporter.
 14630 | Gauntlet | Found the +3 hat of Pondering {ponderous, Will+ MP+10
                  | Int+5}
 14645 | Gauntlet | Found a transporter.
 14662 | Gauntlet | Found a transporter.
 14675 | Gauntlet | Found a transporter.
 14767 | Gauntlet | Found a transporter.
 14789 | Gauntlet | Found a transporter.
 14796 | Gauntlet | Found a transporter.
 15045 | Gauntlet | Killed a tengu warrior
 15232 | Gauntlet | Identified the amulet of Kuhojom {rElec Regen+ Int+2 Slay+3
                  | Stlth+}
 15232 | Gauntlet | Noticed a minotaur
 15243 | Gauntlet | HP: 6/156 [minotaur/+1 vorpal broad axe (7)]
 15243 | Gauntlet | Slain by a minotaur

Illustrated notes

Levels and vault maps discovered:
D:1:      shiori_arrival_whats_in_store_for_you, layout_basic,
          shapermc_ecumenical_altar_ellora
D:2:      layout_loops_ring, serial_shops,
          nicolae_shop_temple_entry_statues_fountains,
          nicolae_elevator_lobby_asterisk, uniq_terence, uniq_crazy_yiuf_cottage
D:3:      layout_loops_ring, mainiacjoe_overflow_paths, tgw_kikubaaqudgha
D:4:      layout_loops_corners, led_sif_pool, okawaru_gym_becter,
          minmay_temple_entry_arrows, serial_shops, shop_statue, uniq_pikel
D:5:      layout_basic, mainiacjoe_overflow_catwalk, serial_shops,
          nicolae_shop_crystal, shop, st_stairs_11
D:6:      layout_loops_ring, mainiacjoe_overflow_boulevard, kennysheep_mini,
          nicolae_shop_unique_rings, uniq_maggie, uniq_prince_ribbit1
D:7:      layout_rooms, enter_bailey_5, nicolae_eternal_life
D:8:      layout_basic, makhleb_blood_cavern_becter, serial_shops, shop
D:9:      layout_roguey, vehumet_statue, minmay_shattered_shrine
D:10:     layout_roguey, lemuel_doored_altar, gammafunk_temple_overflow_wave,
          dpeg_oklobed_lair, david_orc_2, serial_shops, nicolae_take_the_stairs,
          st_stairs_3, dilly_guarded_unrand_elemental_staff
D:11:     layout_roguey, gauntlet_entry_generic
Gauntlet: gammafunk_gauntlet_branching [gammafunk_gauntlet_arena_grid,
          nicolae_gauntlet_arena_quarters, gammafunk_gauntlet_arena_split_x,
          gammafunk_gauntlet_arena_open, gammafunk_gauntlet_arena_hedges,
          gammafunk_gauntlet_arena_split_diamond,
          nicolae_gauntlet_arena_grate_2, gammafunk_gauntlet_arena_mazey,
          gauntlet_exit_hidden_loot]

Skill      XL: |  1  2  3  4  5  6  7  8  9 10 11 |
---------------+----------------------------------+-----
Axes           | 4 5 6 7 9 10 12 14 16 | 16.5
Fighting       | 4 5 6 7 9 10 11 | 11.9
Armour         | 3 4 5 7 8 10 11 | 11.7
Dodging        | |  2.1

Action                   |  1- 3 |  4- 6 |  7- 9 | 10-12 || total
-------------------------+-------+-------+-------+-------++-------
Melee: Hand axe          |    74 |   137 |    19 |       ||   230
       Headbutt          |     9 |    20 |    33 |    43 ||   105
       Punch             |       |     1 |     2 |       ||     3
       War axe           |       |       |   155 |       ||   155
       Battleaxe         |       |       |    11 |   192 ||   203
Invok: Berserk           |     1 |     5 |     2 |     4 ||    12
Evoke: Wand              |       |       |     3 |     3 ||     6
  Use: Scroll            |       |     4 |     3 |    11 ||    18
       Potion            |       |     1 |       |       ||     1
Armor: Animal skin       |    10 |       |       |       ||    10
       Leather armour    |     7 |    17 |       |       ||    24
       Scale mail        |       |    11 |    29 |       ||    40
       Swamp dragon scal |       |       |    35 |    92 ||   127
Dodge: Dodged            |    38 |    76 |    83 |    81 ||   278
